 Dungeon Sprint DCSS version 0.22.1-1-ga44c0e56f4 (webtiles) character file.

5258 MuseOD the Unseen (level 10, -1/59 HPs)
             Began as a Spriggan Enchanter on Sept 23, 2018.
             Was a High Priest of Dithmenos.
             Slain by Agnes
             ... wielding a +2 lajatang of distortion
              (11 damage)
             ... in the Dungeon (Sprint IV: "Fedhas' Mad Dash").
             The game lasted 00:05:18 (1915 turns).

MuseOD the Unseen (Spriggan Enchanter)              Turns: 1915, Time: 00:05:19

Health: -1/59      AC:  2    Str:  4    XL:     10   Next: 36%
Magic:  14/19      EV: 18    Int: 20    God:    Dithmenos [*****.]
Gold:   58         SH:  0    Dex: 17    Spells: 11/20 levels left

rFire    . . .     SeeInvis +   m - +2 rapier (venom)
rCold    . . .     Gourm    .   (shield restricted)
rNeg     . . .     Faith    .   b - +0 robe
rPois    .         Spirit   .   (helmet restricted)
rElec    .         Reflect  .   (no cloak)
rCorr    .         Harm     .   (gloves unavailable)
MR       +....     NoTele   +   (boots unavailable)
Stlth    ++++++++++             k - amulet of invisibility {+Inv}
HPRegen  0.19/turn              (no ring)
MPRegen  0.16/turn              (no ring)

@: wreathed by umbra, very quick
A: very small, unfitting armour, see invisible, herbivore, speed 3, slow
metabolism 2
a: Shadow Step, Shadow Form, Renounce Religion, Evoke Invisibility


You were in the Dungeon.
You worshipped Dithmenos.
Dithmenos was extremely pleased with you.
You were hungry.

You visited 1 branch You collected 179 gold pieces.
You spent 121 gold pieces at shops.

Inventory:

Hand Weapons
 a - a +1 dagger
 m - a +2 rapier of venom (weapon)
Armour
 b - a +0 robe (worn)
Jewellery
 k - the amulet of invisibility (around neck) {+Inv}
   (You found it in the Dungeon)

   [amulet of nothing]

   It lets you turn invisible.
Wands
 n - a wand of polymorph (9)
Scrolls
 c - 2 scrolls of identify {unknown}
 i - a scroll of enchant weapon {unknown}
 j - a scroll of blinking
Potions
 e - 3 potions of curing
 h - a potion of magic
 l - a potion of flight {unknown}
 o - a potion of mutation {unknown}
 p - a potion of agility {unknown}
Comestibles
 d - a ration


   Skills:
 - Level 10.1 Fighting
 - Level 17.2 Short Blades
 - Level 3.0 Dodging
 + Level 18.4 Stealth
 + Level 5.6 Spellcasting
 + Level 6.1 Hexes


You had 11 spell levels left.
You knew the following spells:

 Your Spells              Type           Power        Failure   Level  Hunger
a - Corona                Hex            ####...      1%          1    None
b - Ensorcelled Hibernat  Hex/Ice        ###...       4%          2    None
c - Confuse               Hex            ####....     2%          3    ##.....
d - Dazzling Spray        Conj/Hex       ###...       9%          3    ##.....

Your spell library contained the following spells:

 Spells                   Type           Power        Failure   Level  Hunger
 Confusing Touch          Hex            ####..       1%          1    None
 Tukima's Dance           Hex            ####....     2%          3    ##.....
 Animate Skeleton         Necr           N/A          11%         1    None
 Apportation              Tloc           #.....       11%         1    None
 Summon Small Mammal      Summ           #...         11%         1    None


Dungeon Overview and Level Annotations

Branches:
Dungeon (1/1)

Altars:
Cheibriados
Dithmenos
Elyvilon
Gozag
Hepliaklqana
Kikubaaqudgha
Makhleb
Nemelex Xobeh
Okawaru
Qazlal
Ru
Sif Muna
Trog
Uskayaw
Vehumet
Wu Jian
Xom
Yredelemnul
Zin
The Shining One
Beogh
Jiyva
Lugonu

Shops:
D *[(=?!}

Annotations:
D Agnes


Innate Abilities, Weirdness & Mutations

You are very small and have problems with some larger weapons.
You are too small for most types of armour.
You have supernaturally acute eyesight. (SInv)
You are a herbivore.
You cover ground extremely quickly.
You need to consume almost no food.


Message History

Casting: Confuse (safe; 2% risk of failure)
Confirm with . or Enter, or press ? or * to list all spells.
Aiming: Confuse (safe; 2% risk of failure)
Press: ? - help, Shift-Dir - straight line, f/p - Agnes
Aim: Agnes, wielding a lajatang of distortion and wearing a robe (poisoned,
Okay, then.
Casting: Confuse (safe; 2% risk of failure)
Confirm with . or Enter, or press ? or * to list all spells.
Aiming: Dazzling Spray (safe; 9% risk of failure)
Press: ? - help, Shift-Dir - straight line, f/p - Agnes
Aim: Agnes, wielding a lajatang of distortion and wearing a robe (poisoned, The spray of energy hits Agnes.
Agnes is lightly wounded.
Agnes looks more healthy.
Agnes hits you with a lajatang of distortion!
* * * LOW HITPOINT WARNING * * *
You miss Agnes.
Agnes is lightly wounded.
Agnes hits you with a lajatang of distortion!
You die...

.#....[#)⌠._._._._.⌠.#.)'...#....
.'.#)..')._._._._._..'..#...#..).
.#.#...#..._._._._...#..###'##...
#####'##.._._._._._..#.(##∩∩.'...
...'...#._._._._._.⌠.############
...#...###################......#
..######♣♣♣♣♣..♣.###.'.('.....)§§
####.|'......♣..♣##i.#.i#.P...§§#
......#♣..♣♣♣.♣)@###.##'##.....§#
......#.♣♣.)♣...♣ii..#♣.♣########
######## ############.....####
#..♣..♣....# #.i.♣......♣...
......♣.....∩.∩..
#################


You could see Agnes and a spriggan.

Vanquished Creatures
  A spriggan druid (D)
  6 oklob plants (D)
  A demonic crawler (D)
  3 wandering mushrooms (D)
  3 burning bushes (D)
  A queen bee (D)
  A hornet (D)
  2 scorpions (D)
  4 killer bees (D)
  5 oklob saplings (D)
  A worker ant (D)
  4 spriggans (D)
  A river rat (D)
  A rat (D)
  A ballistomycete spore (D)
35 creatures vanquished.

Vanquished Creatures (others)
  A fungus (D)
1 creature vanquished.

Grand Total: 36 creatures vanquished

Notes
Turn   | Place    | Note
-------+----------+-------------------------------------------
     0 | D        | MuseOD the Spriggan Enchanter began the quest for the Orb.
     0 | D        | Reached XP level 1. HP: 9/9 MP: 5/5
     8 | D        | Reached skill level 1 in Fighting
     8 | D        | Reached skill level 5 in Stealth
     8 | D        | Reached XP level 2. HP: 14/14 MP: 6/6
    17 | D        | Noticed an oklob sapling
    19 | D        | Killed an oklob sapling
    19 | D        | Reached skill level 6 in Stealth
    19 | D        | Reached XP level 3. HP: 19/19 MP: 8/8
    22 | D        | Found the amulet of invisibility {+Inv}
    23 | D        | Reached skill level 5 in Short Blades
    23 | D        | Reached skill level 7 in Stealth
    36 | D        | Noticed an oklob sapling
    41 | D        | Learned a level 2 spell: Ensorcelled Hibernation
    45 | D        | Learned a level 3 spell: Confuse
    53 | D        | Killed an oklob sapling
    53 | D        | Reached XP level 4. HP: 24/24 MP: 2/9
   231 | D        | Found an opulent altar of Gozag.
   231 | D        | Found a hazy altar of Hepliaklqana.
   231 | D        | Found a roughly hewn altar of Beogh.
   231 | D        | Found a snail-covered altar of Cheibriados.
   232 | D        | Found a viscous altar of Jiyva.
   232 | D        | Found a burning altar of Makhleb.
   232 | D        | Found a sparkling altar of Nemelex Xobeh.
   232 | D        | Found a sacrificial altar of Ru.
   232 | D        | Found a deep blue altar of Sif Muna.
   232 | D        | Found a bloodstained altar of Trog.
   232 | D        | Found an ornate altar of the Wu Jian Council.
   232 | D        | Found a shimmering altar of Xom.
   232 | D        | Found a basalt altar of Yredelemnul.
   233 | D        | Found an iron altar of Okawaru.
   233 | D        | Found a shadowy altar of Dithmenos.
   233 | D        | Found a glowing silver altar of Zin.
   234 | D        | Found an ancient bone altar of Kikubaaqudgha.
   234 | D        | Found a hide-covered altar of Uskayaw.
   235 | D        | Found a stormy altar of Qazlal.
   235 | D        | Found a white marble altar of Elyvilon.
   235 | D        | Found a glowing golden altar of the Shining One.
   236 | D        | Found a corrupted altar of Lugonu.
   236 | D        | Found a radiant altar of Vehumet.
   239 | D        | Reached skill level 8 in Stealth
   239 | D        | Reached XP level 5. HP: 29/29 MP: 7/10
   242 | D        | Became a worshipper of Dithmenos the Shadowed
   251 | D        | Reached skill level 9 in Stealth
   401 | D        | Reached * piety under Dithmenos
   401 | D        | Reached skill level 10 in Stealth
   407 | D        | Reached skill level 5 in Fighting
   407 | D        | Reached XP level 6. HP: 23/35 MP: 3/11
   670 | D        | Learned a level 3 spell: Dazzling Spray
   670 | D        | Found Iklotethru's Antique Armour Shop.
   670 | D        | Found Iketh's General Store.
   677 | D        | Noticed a burning bush
   677 | D        | Noticed a wandering mushroom
   678 | D        | Noticed a wandering mushroom
   680 | D        | Killed a wandering mushroom
   680 | D        | Reached skill level 12 in Stealth
   682 | D        | Reached ** piety under Dithmenos
   682 | D        | Reached XP level 7. HP: 40/40 MP: 12/12
   889 | D        | Killed a burning bush
   889 | D        | Reached skill level 13 in Stealth
   891 | D        | Found Kuimufub's Distillery.
   891 | D        | Found Zuxtiely's Magic Scroll Shoppe.
   897 | D        | Killed a wandering mushroom
   910 | D        | Bought a potion of heal wounds for 55 gold pieces
   910 | D        | Bought a potion of curing for 33 gold pieces
   910 | D        | Bought a potion of curing for 33 gold pieces
  1016 | D        | Noticed a queen bee
  1023 | D        | Killed a queen bee
  1023 | D        | Reached skill level 14 in Stealth
  1023 | D        | Reached XP level 8. HP: 46/46 MP: 11/13
  1024 | D        | Reached *** piety under Dithmenos
  1032 | D        | Noticed an oklob plant
  1035 | D        | Killed an oklob plant
  1035 | D        | Reached **** piety under Dithmenos
  1035 | D        | Reached skill level 15 in Stealth
  1048 | D        | Noticed a burning bush
  1052 | D        | Killed a burning bush
  1064 | D        | Noticed a burning bush
  1064 | D        | Noticed an oklob plant
  1065 | D        | Noticed a wandering mushroom
  1066 | D        | Killed a burning bush
  1066 | D        | Reached skill level 15 in Short Blades
  1066 | D        | Reached XP level 9. HP: 52/52 MP: 14/14
  1071 | D        | Killed an oklob plant
  1071 | D        | Reached skill level 16 in Stealth
  1073 | D        | Reached ***** piety under Dithmenos
  1075 | D        | Killed a wandering mushroom
  1086 | D        | Noticed a spriggan druid
  1087 | D        | Killed a spriggan druid
  1101 | D        | Noticed an oklob plant conjurer
  1104 | D        | Killed an oklob plant conjurer
  1104 | D        | Reached skill level 17 in Stealth
  1133 | D        | Noticed an oklob plant
  1133 | D        | Noticed an oklob plant summoner
  1134 | D        | Noticed an oklob plant shifter
  1135 | D        | Killed an oklob plant
  1135 | D        | Reached skill level 10 in Fighting
  1135 | D        | Reached XP level 10. HP: 55/59 MP: 10/15
  1137 | D        | Killed an oklob plant summoner
  1140 | D        | Killed an oklob plant shifter
  1194 | D        | Reached skill level 18 in Stealth
  1194 | D        | Reached skill level 5 in Hexes
  1202 | D        | Noticed a spriggan rider
  1203 | D        | Found Xela's Gadget Emporium.
  1453 | D        | Reached skill level 5 in Spellcasting
  1893 | D        | Noticed Agnes
  1894 | D        | Found Idoeri's Antique Weapon Emporium.
  1894 | D        | Found Qeatapt's Jewellery Shoppe.
  1897 | D        | Noticed a spriggan berserker
  1915 | D        | Slain by Agnes

Skill      XL: |  1  2  3  4  5  6  7  8  9 10 |
---------------+-------------------------------+-----
Fighting       | 1 2 3 5 6 7 8 10 | 10.1
Short Blades   | 3 4 6 7 9 11 13 15 17 | 17.2
Stealth        | 5 6 7 8 10 12 14 15 17 18 | 18.4
Spellcasting   | 5 |  5.6
Hexes          | 6 |  6.1
Dodging        | |  3.0

Action                   |  1- 3 |  4- 6 |  7- 9 | 10-12 || total
-------------------------+-------+-------+-------+-------++-------
Melee: Dagger            |     8 |    17 |    17 |       ||    42
       Rapier            |       |       |     7 |    17 ||    24
 Cast: Confuse           |     2 |     5 |     8 |    10 ||    25
       Dazzling Spray    |       |       |     1 |     7 ||     8
Invok: Shadow Step       |       |       |     1 |     1 ||     2
 Abil: Evoke Invisibilit |       |     1 |     1 |       ||     2
  Use: Potion            |       |     2 |       |     3 ||     5
 Stab: Sleeping          |     3 |     4 |    14 |     3 ||    24
       Confused          |     1 |       |     3 |       ||     4
       Invisible         |       |       |       |     1 ||     1
  Eat: Ration            |       |       |       |     1 ||     1
Armor: Robe              |       |       |       |     2 ||     2
Dodge: Dodged            |       |    15 |     2 |    10 ||    27
